 Dungeon Crawl Stone Soup version 0.30.0-29-ga12c61a403 (webtiles) character file.

Game seed: 2937462815863924142

226 qw the Chopper (level 6, -3/38 HPs)
             Began as a Gargoyle Fighter on June 4, 2023.
             Slain by Ijyb
             ... wielding a +0 club
              (6 damage)
             ... on level 3 of the Dungeon.
             The game lasted 00:01:50 (3159 turns).

qw the Chopper (Gargoyle Fighter)                   Turns: 3159, Time: 00:01:50

Health: -3/38      AC:  0    Str: 21    XL:     6   Next: 1%
Magic:  6/6        EV: 13    Int:  9    God:
Gold:   167        SH:  5    Dex:  9    Spells: 5/5 levels left

rFire   . . .        Y - melded +1 war axe
rCold   . . .        c - melded +0 buckler
rNeg    + . .        f - melded +0 chain mail
rPois   inf          k - melded +2 helmet "Funon" {+Blink rN+ MP+9 Int+2}
rElec   .            a - melded +0 cloak
rCorr   .            (gloves currently unavailable)
SInv    .            (boots currently unavailable)
Will    .....        g - amulet of reflection
Stlth   +            h - melded ring of protection from fire
HPRegen 0.26/turn    (ring currently unavailable)
MPRegen 0.10/turn

%: reflection
@: pig-form (expiring), very quick
A: fast, no casting, sickness immunity, AC +4, small, negative energy resistance
1, (electricity resistance), torment resistance 1, petrification resistance
a: no special abilities


You were on level 3 of the Dungeon.
You were a filthy swine.
You visited 2 branches of the dungeon, and saw 6 of its levels.

You collected 167 gold pieces.


Innate Abilities, Weirdness & Mutations

You are a filthy swine.
You move quickly.
Your equipment is almost entirely melded.
You are incapable of wielding weapons or throwing items.
You cannot cast spells.
You are immune to sickness and miasma.
((Your stone body is resilient. (AC +4)))
You are immune to poison.
You resist negative energy. (rN+)
((You are resistant to electric shocks. (rElec)))
You are resistant to unholy torment.
You are immune to petrification.


   Skills:
 + Level 3.7 Fighting
 - Level 5.1 Axes
 - Level 1.0 Throwing
 - Level 3.2 Armour
 - Level 3.2 Shields


You had 5 spell levels left.
You didn't know any spells.
Your spell library was empty.

Inventory:

Hand Weapons
 i - a +0 flail
 Y - a +1 war axe (melded)
Missiles
 r - a javelin
Armour
 a - a +0 cloak (melded)
 c - a +0 buckler (melded)
 f - a +0 chain mail (melded)
 k - the +2 helmet "Funon" (melded) {+Blink rN+ MP+9 Int+2}
   (You took it off Robin on level 2 of the Dungeon)

   Int:       It affects your intelligence (+2).
   rN:        It protects you from negative energy.
   MP:        It affects your magic capacity (+9).
   +Blink:    It lets you blink.
Jewellery
 g - an amulet of reflection (around neck)
 h - a ring of protection from fire (melded)
 t - a ring of positive energy
Scrolls
 m - 2 scrolls of identify
 o - a scroll of poison {unknown}
 q - a scroll of magic mapping {unknown}
 s - a scroll of noise {unknown}
Potions
 b - a potion of degeneration {unknown}
 d - a potion of might
 e - a potion of ambrosia {unknown}
 j - a potion of curing
 l - a potion of mutation {unknown}
 n - a potion of lignification {unknown}
 p - a potion of magic {unknown}

Dungeon Overview and Level Annotations

Branches:
Dungeon (5/15)             Temple (1/1) D:4

Altars:
Cheibriados
Dithmenos
Elyvilon
Fedhas
Gozag
Kikubaaqudgha
Ru
Sif Muna
Xom

Annotations:
D:3 Ijyb


Message History

Ijyb is moderately wounded.
Ijyb screams, "I no like you!" Ijyb hits you with a +0 club!
You closely miss Ijyb.
Ijyb is moderately wounded.
Ijyb completely misses you.
You barely miss Ijyb.
Ijyb is moderately wounded.
You block Ijyb's attack.
You closely miss Ijyb.
Ijyb is moderately wounded.
Ijyb barely misses you.
You hit Ijyb.
Ijyb is heavily wounded.
You block Ijyb's attack.
You closely miss Ijyb.
Ijyb is heavily wounded.
You closely miss Ijyb.
Ijyb is heavily wounded.
Ijyb misses you.
You hit Ijyb but do no damage.
Ijyb is heavily wounded.
Ijyb barely misses you.
You hit Ijyb but do no damage.
Ijyb is heavily wounded.
You block Ijyb's attack.
You barely miss Ijyb.
Ijyb is heavily wounded.
Ijyb hits you with a +0 club.
You hit Ijyb but do no damage.
Ijyb is heavily wounded.
Your transformation is almost over.
Ijyb hits you with a +0 club.
You completely miss Ijyb.
Ijyb is heavily wounded.
Ijyb barely misses you.
You hit Ijyb but do no damage.
Ijyb is heavily wounded.
Ijyb hits you with a +0 club.
You die...

.# #.##.##.##.#
#......(.# # .###.##.#
##.# #####.### #
.....##.. ....# #
##########.#### #
##...#### #
#######.......# .
.....##..#.##.# ####...
## ##
....<.......#.###.......
.## #.
.........#....(.hg..(...
..# #<
......#..##.#.###.......
..#.#. ......#.......#
##..... ##.#.#.
#####.#####..######.#...
... #.
......#####.......).# ..
#.# #.
####..........#####.# .
#.# #. ###<..........#
##.###. ..#..########.#
#...##. ...... #.#
#......


You could see Ijyb.

Vanquished Creatures
  A hound (D:4)
  A sleepcap (D:4)
  Terence (D:2)
  An orc wizard (D:4)
  Robin (D:2)
  An adder (D:3)
  A gnoll (D:3)
  3 worms
  A dart slug (D:2)
  9 orcs
  5 endoplasms
  2 giant cockroaches
  15 goblins
  8 hobgoblins
  2 jackals (D:5)
  A quokka (D:2)
  4 ball pythons
  2 bats (D:2)
  4 frilled lizards
  3 kobolds
  4 rats
70 creatures vanquished.

Notes
Turn   | Place    | Note
-------+----------+-------------------------------------------
     0 | D:1      | qw the Gargoyle Fighter began the quest for the Orb.
     0 | D:1      | Reached XP level 1. HP: 14/14 MP: 1/1
     0 | D:1      | 0 ||| qw: Version: 0.2-a-107-g4668610
     0 | D:1      | 0 ||| qw: Game counter: 1296
     0 | D:1      | 0 ||| qw: Always use a shield: true
     0 | D:1      | 0 ||| qw: God list: Okawaru
     0 | D:1      | 0 ||| qw: Allow faded altars: false
     0 | D:1      | 0 ||| qw: Do Orc after D:15 true
     0 | D:1      | 0 ||| qw: Do second Lair branch before Depths: true
     0 | D:1      | 0 ||| qw: Lair rune preference: random
     0 | D:1      | 0 ||| qw: Plans: Normal, Zot:1-4, Slime:5, God:TSO, Crypt,
                  | Tomb, Abyss, Pan, Hells, Win
     0 | D:1      | 0 ||| PLANNING D:1-11
   164 | D:1      | Reached skill level 2 in Axes
   478 | D:1      | Reached XP level 2. HP: 19/19 MP: 2/2
   747 | D:1      | 747 ||| UPGRADING to +0 chain mail.
   757 | D:1      | 757 ||| DROPPING +0 scale mail.
   758 | D:1      | 758 ||| UPGRADING to ring of protection from fire.
   759 | D:1      | 759 ||| READING scroll labelled KASEGE PEOCH.
   760 | D:1      | 760 ||| READING scroll labelled QAFIRUMUORPH.
  1001 | D:2      | 1001 ||| Stepping ~*~*~tactically~*~*~ (hiding).
  1103 | D:2      | Reached skill level 3 in Axes
  1130 | D:2      | 1130 ||| READING scroll labelled XONUQO TAOSU.
  1131 | D:2      | 1131 ||| READING scroll labelled QIFEEPHESS.
  1132 | D:2      | 1132 ||| READING scroll labelled LARAPR LUMU.
  1139 | D:2      | 1139 ||| STAIRDANCE
  1245 | D:2      | Reached XP level 3. HP: 23/23 MP: 3/3
  1253 | D:2      | 1253 ||| UPGRADING to +0 cloak.
  1260 | D:2      | 1260 ||| FLEEEEING.
  1263 | D:2      | 1263 ||| FLEEEEING.
  1264 | D:2      | 1264 ||| FLEEEEING.
  1265 | D:2      | 1265 ||| FLEEEEING.
  1266 | D:2      | 1266 ||| FLEEEEING.
  1267 | D:2      | 1267 ||| FLEEEEING.
  1268 | D:2      | 1268 ||| FLEEEEING.
  1269 | D:2      | 1269 ||| FLEEEEING.
  1270 | D:2      | 1270 ||| FLEEEEING.
  1271 | D:2      | 1271 ||| FLEEEEING.
  1272 | D:2      | 1272 ||| FLEEEEING.
  1273 | D:2      | 1273 ||| FLEEEEING.
  1274 | D:2      | 1274 ||| FLEEEEING.
  1280 | D:2      | 1280 ||| FLEEEEING.
  1281 | D:2      | 1281 ||| FLEEEEING.
  1282 | D:2      | 1282 ||| FLEEEEING.
  1283 | D:2      | 1283 ||| FLEEEEING.
  1284 | D:2      | 1284 ||| FLEEEEING.
  1285 | D:2      | 1285 ||| FLEEEEING.
  1286 | D:2      | 1286 ||| FLEEEEING.
  1287 | D:2      | 1287 ||| FLEEEEING.
  1288 | D:2      | 1288 ||| FLEEEEING.
  1289 | D:2      | 1289 ||| FLEEEEING.
  1290 | D:2      | 1290 ||| FLEEEEING.
  1291 | D:2      | 1291 ||| FLEEEEING.
  1297 | D:2      | 1297 ||| FLEEEEING.
  1298 | D:2      | 1298 ||| FLEEEEING.
  1305 | D:2      | 1305 ||| FLEEEEING.
  1309 | D:2      | 1309 ||| FLEEEEING.
  1310 | D:2      | 1310 ||| FLEEEEING.
  1311 | D:2      | 1311 ||| FLEEEEING.
  1312 | D:2      | 1312 ||| FLEEEEING.
  1313 | D:2      | 1313 ||| FLEEEEING.
  1322 | D:2      | 1322 ||| STAIRDANCE
  1326 | D:2      | 1326 ||| STAIRDANCE
  1330 | D:2      | 1330 ||| STAIRDANCE
  1336 | D:2      | 1336 ||| STAIRDANCE
  1340 | D:2      | 1340 ||| STAIRDANCE
  1344 | D:2      | 1344 ||| STAIRDANCE
  1348 | D:2      | 1348 ||| STAIRDANCE
  1352 | D:2      | 1352 ||| STAIRDANCE
  1356 | D:2      | 1356 ||| STAIRDANCE
  1360 | D:2      | 1360 ||| STAIRDANCE
  1364 | D:2      | 1364 ||| STAIRDANCE
  1368 | D:2      | 1368 ||| STAIRDANCE
  1372 | D:2      | 1372 ||| STAIRDANCE
  1376 | D:2      | 1376 ||| STAIRDANCE
  1380 | D:2      | 1380 ||| STAIRDANCE
  1384 | D:2      | 1384 ||| STAIRDANCE
  1388 | D:2      | 1388 ||| STAIRDANCE
  1392 | D:2      | 1392 ||| STAIRDANCE
  1396 | D:2      | 1396 ||| STAIRDANCE
  1481 | D:2      | 1481 ||| FLEEEEING.
  1482 | D:2      | 1482 ||| FLEEEEING.
  1483 | D:2      | 1483 ||| FLEEEEING.
  1496 | D:2      | 1496 ||| FLEEEEING.
  1497 | D:2      | 1497 ||| FLEEEEING.
  1498 | D:2      | 1498 ||| FLEEEEING.
  1511 | D:2      | 1511 ||| FLEEEEING.
  1565 | D:2      | 1565 ||| FLEEEEING.
  1600 | D:2      | 1600 ||| FLEEEEING.
  1601 | D:2      | 1601 ||| FLEEEEING.
  1622 | D:2      | 1622 ||| FLEEEEING.
  1623 | D:2      | 1623 ||| FLEEEEING.
  1624 | D:2      | 1624 ||| FLEEEEING.
  1626 | D:2      | 1626 ||| FLEEEEING.
  1627 | D:2      | 1627 ||| FLEEEEING.
  1628 | D:2      | 1628 ||| FLEEEEING.
  1636 | D:2      | 1636 ||| FLEEEEING.
  1637 | D:2      | 1637 ||| FLEEEEING.
  1819 | D:2      | 1819 ||| FLEEEEING.
  1820 | D:2      | 1820 ||| FLEEEEING.
  1826 | D:2      | 1826 ||| FLEEEEING.
  1833 | D:2      | 1833 ||| Stepping ~*~*~tactically~*~*~ (hiding).
  1888 | D:2      | Noticed Terence
  1890 | D:2      | Identified the +2 helmet "Funon" {+Blink rN+ MP+9 Int+2}
  1890 | D:2      | Noticed Robin
  1902 | D:2      | Killed Terence
  1903 | D:2      | Reached XP level 4. HP: 17/28 MP: 4/4
  1904 | D:2      | Killed Robin
  1905 | D:2      | Reached skill level 4 in Axes
  1988 | D:2      | 1988 ||| DROPPING +0 club.
  1992 | D:2      | 1992 ||| DROPPING +1 whip of electrocution.
  1999 | D:2      | 1999 ||| Stepping ~*~*~tactically~*~*~ (stealth).
  2045 | D:2      | 2045 ||| UPGRADING to +2 helmet "Funon" {+Blink rN+ MP+9
                  | Int+2}.
  2138 | D:3      | You fall into a shaft and drop 2 floors!
  2138 | D:5      | Entered Level 5 of the Dungeon
  2161 | D:5      | 2161 ||| UPGRADING to amulet of reflection.
  2266 | D:4      | Reached XP level 5. HP: 32/32 MP: 5/5
  2315 | D:4      | Found a staircase to the Ecumenical Temple.
  2316 | D:4      | 2316 ||| PLANNING TEMPLE
  2321 | D:4      | 2321 ||| Stepping ~*~*~tactically~*~*~ (stealth).
  2353 | Temple   | Entered the Ecumenical Temple
  2539 | Temple   | 2539 ||| PLANNING D:1-11
  2604 | D:4      | 2604 ||| Stepping ~*~*~tactically~*~*~ (hiding).
  2608 | D:4      | 2608 ||| Stepping ~*~*~tactically~*~*~ (hiding).
  2619 | D:4      | Reached skill level 5 in Axes
  2701 | D:4      | 2701 ||| DRINKING 2 puce potions.
  2709 | D:3      | 2709 ||| Stepping ~*~*~tactically~*~*~ (stealth).
  2871 | D:3      | 2871 ||| Stepping ~*~*~tactically~*~*~ (hiding).
  2884 | D:3      | Reached skill level 1 in Throwing
  2971 | D:3      | 2971 ||| Stepping ~*~*~tactically~*~*~ (stealth).
  2972 | D:3      | 2972 ||| Stepping ~*~*~tactically~*~*~ (stealth).
  3067 | D:3      | Reached XP level 6. HP: 37/38 MP: 6/6
  3133 | D:3      | Noticed Ijyb
  3147 | D:3      | HP: 4/38 [Ijyb/+0 club (7)]
  3156 | D:3      | HP: 5/38 [Ijyb/+0 club (1)]
  3157 | D:3      | HP: 2/38 [Ijyb/+0 club (3)]
  3159 | D:3      | Slain by Ijyb

Levels and vault maps discovered:
D:1:      spicycebolla_arrival_ecumenical, layout_basic
D:2:      layout_basic, uniq_robin, uniq_terence
D:3:      layout_loops_cross, uniq_ijyb
D:4:      layout_loops_cross, temple_fountains, serial_shops,
          nicolae_book_shop_shelving, minmay_unequal, uniq_edmund,
          uniq_blork_the_orc, uniq_natasha
D:5:      layout_cave_pools, minitemple, bloody_makhleb,
          kennysheep_generic_room_14
Temple:   grunt_temple_mini_profane

Skill      XL: |  1  2  3  4  5 |
---------------+----------------+-----
Axes           | 2 3 4 5 |  5.1
Throwing       | 1 |  1.0
Fighting       | |  3.7
Armour         | |  3.2
Shields        | |  3.2

Action                     |  1- 3 |  4- 6 || total
---------------------------+-------+-------++-------
  Melee: War axe           |    82 |   112 ||   194
         Unarmed           |       |    21 ||    21
  Throw: Javelin           |       |    13 ||    13
         Boomerang         |       |     5 ||     5
    Use: Scroll            |     5 |       ||     5
         Potion            |       |     1 ||     1
 Armour: Scale mail        |    14 |       ||    14
         Chain mail        |    42 |    50 ||    92
  Dodge: Dodged            |    31 |    36 ||    67
  Block: Buckler           |    13 |    42 ||    55
         Other             |       |     3 ||     3

Table legend:
 A = Non-vault XP
 B = Vault XP
 C = Vault XP percentage of total XP
 D = Non-vault monster count
 E = Vault monster count
 F = Vault count percentage of total count
                 A         B        C        D         E       F
            +---------+---------+-------+---------+---------+-------
      Total |     205 |     118 |  36.5 |      54 |      16 |  22.9
            +---------+---------+-------+---------+---------+-------
        D:1 |      15 |       0 |   0.0 |      10 |       0 |   0.0
        D:2 |      27 |      74 |  73.3 |      14 |      14 |  50.0
        D:3 |      65 |       0 |   0.0 |      19 |       0 |   0.0
        D:4 |      94 |      44 |  31.9 |       9 |       2 |  18.2
        D:5 |       4 |       0 |   0.0 |       2 |       0 |   0.0
            +---------+---------+-------+---------+---------+-------
